 Dungeon Crawl Stone Soup version 0.32-a0-450-g080537f31e (webtiles) character file.

Game seed: 3380763315914779444

167 PriceMaster the Apothecary (level 5, -7/24 HPs)
             Began as a Spriggan Alchemist on Feb 23, 2024.
             Killed by divine providence
             ... invoked by an orc priest
              (12 damage)
             ... on level 3 of the Dungeon.
             The game lasted 00:04:42 (3207 turns).

PriceMaster the Apothecary (Spriggan Alchemist)     Turns: 3207, Time: 00:04:42

Health: -7/24      AC:  2    Str:  4    XL:     5   Next: 23%
Magic:  4/12       EV: 18    Int: 19    God:
Gold:   668        SH:  0    Dex: 15    Spells: 5/12 levels left

rFire   . . .        l - +1 dagger (elec)
rCold   . . .        (no shield)
rNeg    . . .        a - +0 robe
rPois   .            (helmet currently unavailable)
rElec   .            (cloak currently unavailable)
rCorr   .            (gloves unavailable)
SInv    +            (boots unavailable)
Will    .....        (no amulet)
Stlth   +++          (no ring)
HPRegen 0.24/turn    (no ring)
MPRegen 0.13/turn

%: no passive effects
@: beast-form, weakened, very quick
A: beast (slay +0), very small, no large weapons, unfitting armour, see
invisible, speed 3
a: Begin Untransformation, Convert to Beogh


You were on level 3 of the Dungeon.
You were a hulking beast.
You visited 1 branch of the dungeon, and saw 3 of its levels.

You collected 668 gold pieces.

Inventory:

Hand Weapons
 f - a +0 short sword
 l - a +1 dagger of electrocution (weapon)
Armour
 a - a +0 robe (worn)
Magical Staves
 n - a staff of earth
Talismans
 d - a beast talisman (active)
Wands
 e - a wand of iceblast (4)
Scrolls
 c - 5 scrolls of teleportation
Potions
 b - a potion of heal wounds {unknown}
 h - 2 potions of berserk rage


   Skills:
 + Level 1.4 Short Blades
 + Level 3.4 Dodging
 + Level 3.8 Stealth
 + Level 4.3 Spellcasting
 + Level 1.2 Conjurations
 + Level 0.3 Air Magic
 + Level 4.3 Alchemy
 + Level 0.4 Shapeshifting


You had 5 spell levels left.
You knew the following spells:

 Your Spells              Type           Power      Damage    Failure   Level
a - Sting                 Conj/Alch      56%        1d6       4%          1
b - Mercury Vapours       Alch/Air       24%        N/A       8%          2
c - Olgreb's Toxic Radia  Alch           20%        N/A       22%         4

Your spell library contained the following spells:

 Spells                   Type           Power      Damage    Failure   Level
 Sandblast                Erth           8%         2d5       13%         1
 Mephitic Cloud           Conj/Alch/Air  11%        N/A       19%         3
 Stone Arrow              Conj/Erth      12%        3d7       30%         3
 Passwall                 Erth           4%         N/A       36%         3
 Sticky Flame             Fire/Alch      12%        2d5       50%         4
 Brom's Barrelling Bould  Conj/Erth      6%         2d3       71%         4


Dungeon Overview and Level Annotations

Branches:
Dungeon (3/15)

Altars:


Innate Abilities, Weirdness & Mutations

You are a hulking beast.
Your limbs bulge with bestial killing power. (Slay +0)
You are very small and have problems with some larger weapons.
You are too small for most types of armour.
You have supernaturally acute eyesight. (SInv)
You cover ground extremely quickly. (Speed+++)


Message History

The orc is lightly wounded.
The orc shouts!
You hear a shout!
An orc priest comes into view. It is wielding a +0 flail.
An orc comes into view. It is wielding a +0 club.
The sting hits the orc.
The orc looks even sicker.
The orc is almost dead.
You kill the orc!
Your magical contamination has completely faded away.
The sting hits the orc priest.
The orc priest is poisoned.
The orc priest is lightly wounded.
The sting hits the orc priest.
The orc priest looks even sicker.
The orc priest is moderately wounded.
The orc priest barely misses you. The orc misses you.
The sting hits the orc priest.
The orc priest looks even sicker.
The orc priest is severely wounded.
The orc priest misses you. The orc closely misses you.
Casting: Sting (safe; 4% risk of failure)
Confirm with . or Enter, or press ? or * to list all spells.
Aiming: Mercury Vapours (safe; 8% risk of failure)
Press: ? - help, Dir - move target, f/p - orc priest
Aim: an orc priest, wielding a +0 flail (severely wounded, very poisoned, chance to weaken: 99%) Fumes of mercury billow around the orc priest!
The orc priest looks as sick as possible!
The orc priest looks weaker.
You feel your attacks grow feeble.
The orc priest calls down the wrath of Beogh upon you.
Beogh smites you!
Ouch! That really hurt!
The orc hits you with a +0 club.
* * * LOW HITPOINT WARNING * * *
Casting: Mercury Vapours (safe; 8% risk of failure)
Confirm with . or Enter, or press ? or * to list all spells.
Aiming: Sting (safe; 4% risk of failure)
Press: ? - help, Shift-Dir - straight line, f/p - orc priest
Aim: an orc priest, wielding a +0 flail (almost dead, extremely poisoned, weak, 71% to hit)
Okay, then.
The orc priest mumbles some strange prayers to Beogh against you.
Beogh smites you!
Ouch! That really hurt!
You die...

####**********,,,,*,* #
*,,,,,.,*..,,*.#
###***,****#.##.,,*.#
..#,,,,* *.#...,#.# ..#.#####
*,....,..#
..#.#####*#*##..#*..#
..#.#####,..,...#*..#
..#.#######.###.##o.#
..#.######......h.o.#
#.#.######..###..#..##
#.#.######...........#
.<..#.####...#...###.#
..#...####...........#
†##.#.####.#.#..######*******
......####.........$..,,,,,,*
......######(#...####******,*
#...............####### *,*


You could see an orc priest (extremely poisoned, weak) and an orc.

Vanquished Creatures
  An orc priest (D:3)
  Terence (D:2)
  An orc wizard (D:3)
  2 adders
  2 dart slugs
  A ribbon worm (D:3)
  3 orcs (D:3)
  3 ball pythons
  4 bats
  2 endoplasms
  4 giant cockroaches
  8 goblins
  4 hobgoblins (D:1)
  3 jackals (D:1)
  5 quokkas
  5 frilled lizards
  4 kobolds
  5 rats
58 creatures vanquished.

Notes
Turn   | Place    | Note
-------+----------+-------------------------------------------
     0 | D:1      | PriceMaster the Spriggan Alchemist began the quest for the
                  | Orb.
     0 | D:1      | Reached XP level 1. HP: 9/9 MP: 5/5
   206 | D:1      | Reached XP level 2. HP: 7/13 MP: 2/6
   452 | D:1      | Reached skill level 1 in Conjurations
   833 | D:1      | Learned a level 2 spell: Mercury Vapours
  1273 | D:1      | Reached XP level 3. HP: 16/16 MP: 1/8
  1955 | D:2      | Noticed Terence
  1976 | D:2      | Killed Terence
  1977 | D:2      | Reached skill level 1 in Short Blades
  1977 | D:2      | Reached XP level 4. HP: 19/21 MP: 0/10
  2037 | D:2      | Learned a level 4 spell: Olgreb's Toxic Radiance
  2368 | D:2      | Identified a scroll of acquirement
  2368 | D:2      | Acquired 613 gold pieces
  2922 | D:3      | Reached XP level 5. HP: 24/24 MP: 7/12
  2961 | D:3      | Identified the +6 spear of the Madman {flame, Str+4}
  3207 | D:3      | Killed from afar by an orc priest

Illustrated notes

Levels and vault maps discovered:
D:1:      lemuel_arrival_lava_pool, layout_rooms, serial_co_window_serial,
          co_window_paths_a, co_window_paths_b, co_window_corner_a,
          co_window_of_opportunity_a, co_window_corner_a, co_window_corner_a,
          co_window_paths_a, co_window_paths_a, co_window_of_opportunity_a,
          co_window_broadway_a, co_window_unsneaky_path_b, co_window_broadway_b,
          co_window_paths_e, co_window_paths_d, glass_columns_c,
          glass_columns_c, glass_columns_a, glass_columns_a, glass_columns_a,
          kennysheep_flooded_box, st_stairs_2
D:2:      layout_rooms, uniq_terence
D:3:      layout_basic, ebering_ghost_sewer_d, interstate_on_off

Skill      XL: |  1  2  3  4 |
---------------+-------------+-----
Dodging        | 3 |  3.4
Conjurations   | 1 |  1.2
Spellcasting   | 3 4 |  4.3
Alchemy        | 4 |  4.3
Short Blades   | 1 |  1.4
Stealth        | |  3.8
Air Magic      | |  0.3
Shapeshifting  | |  0.4

Action                     |  1- 3 |  4- 6 || total
---------------------------+-------+-------++-------
  Melee: Unarmed           |     9 |       ||     9
         Short sword       |    24 |       ||    24
         Dagger            |    10 |     7 ||    17
   Cast: Sting             |    70 |    20 ||    90
         Mercury Vapours   |     5 |     2 ||     7
         Olgreb's Toxic Ra |       |     2 ||     2
    Use: Potion            |     1 |       ||     1
         Scroll            |       |    10 ||    10
   Stab: Sleeping          |       |     3 ||     3
 Armour: Robe              |    33 |     5 ||    38
  Dodge: Dodged            |    74 |     8 ||    82
   Form: Beast             |     2 |       ||     2
                           |     1 |       ||     1

Table legend: (Time is in decaauts)
 A = Elapsed time spent in this place.
 B = Non-inter-level travel time spent in this place.
 C = Inter-level travel time spent in this place.
 D = Time resting spent in this place.
 E = Time spent auto-exploring this place.
 F = Levels seen in this place.
 G = Mean time per level.
                   A        B        C        D        E       F      G
               +--------+--------+--------+--------+--------+-----+--------+
         Total |   2519 |   2498 |     21 |    591 |   1528 |   3 |  839.7 |
       Dungeon |   2519 |   2498 |     21 |    591 |   1528 |   3 |  839.7 |
               +--------+--------+--------+--------+--------+-----+--------+

Top non-repeatable levels by time:
     D:1: 1263 daAuts
     D:2: 756 daAuts
     D:3: 499 daAuts
